General information
- name: BNet
- type: Ladder team game (AT/RT)
- host: Battle.net
- saver: CurtSchilling
map: Friends
- players: 8
- length: 28:46
- speed: Fast
- version: 1.26 W3XP
- replay type: Public
» download(128 KB)
Players
team 1 (winner)

»
alfilcb (
pink | 45 APM | 38 actions | 00:50)
» actions
| Build / train | 9 | |
| Enter build submenu | 4 | |
| Right click | 11 | |
| Select / deselect | 10 | |
| Use ability | 4 | |
38 total
» units
» buildings
| Altar of Storms | 2 | |
| Orc Burrow | 2 | |
4 total
» build order
00:16 Altar of Storms
00:30 Orc Burrow
00:36 Altar of Storms
00:39 Orc Burrow

»
Squidgex136 (
yellow | 47 APM | 1041 actions | 22:13)
6 Blademaster
3 Wind Walk
2 Critical Strike
1 Bladestorm
» actions
| Assign group hotkey | 5 | |
| Basic commands | 22 | |
| Build / train | 47 | |
| ESC pressed | 1 | |
| Enter build submenu | 25 | |
| Enter hero's abilities submenu | 6 | |
| Right click | 386 | |
| Select / deselect | 488 | |
| Select group hotkey | 6 | |
| Use ability | 55 | |
1041 total
» units
| Peon | 15 | |
| Grunt | 3 | |
| Troll Headhunter/Berserker | 3 | |
| Wind Rider | 5 | |
| Goblin Zeppelin | 1 | |
| Troll Batrider | 2 | |
29 total
» upgrades
» buildings
| Altar of Storms | 1 | |
| Orc Burrow | 9 | |
| Barracks | 3 | |
| War Mill | 1 | |
| Voodoo Lounge | 1 | |
| Stronghold | 2 | |
| Beastiary | 2 | |
| Fortress | 1 | |
| Great Hall | 2 | |
22 total
» build order
01:20 Altar of Storms
01:25 Orc Burrow
02:18 Barracks
02:31 War Mill
03:34 Orc Burrow
04:45 Voodoo Lounge
05:31 Stronghold
05:42 Orc Burrow
06:46 Orc Burrow
07:57 Beastiary
07:59 Beastiary
09:33 Orc Burrow
09:40 Barracks
09:41 Stronghold
09:47 Barracks
11:29 Orc Burrow
11:32 Orc Burrow
11:45 Orc Burrow
13:22 Orc Burrow
13:24 Fortress
13:38 Great Hall
15:52 Great Hall
» items
CurtSchilling (
green | 53 APM | 1522 actions | 28:46)
5 Mountain King
3 Storm Bolt
2 Bash
» actions
| Assign group hotkey | 43 | |
| Basic commands | 99 | |
| Build / train | 102 | |
| Enter build submenu | 78 | |
| Enter hero's abilities submenu | 5 | |
| Give item / drop item | 1 | |
| Remove unit from queue | 1 | |
| Right click | 350 | |
| Select / deselect | 501 | |
| Select group hotkey | 257 | |
| Use ability | 85 | |
1522 total
» units
| Peasant | 10 | |
| Footman | 7 | |
| Peon | 9 | |
| Goblin Shredder | 1 | |
| Gryphon Rider | 8 | |
| Dragonhawk Rider | 5 | |
| Siege Engine | 9 | |
49 total
» upgrades
| Masonry | 3 | |
| Spiked Barricades | 3 | |
| Swords | 3 | |
| Defend | 1 | |
| Lumber Harvesting | 1 | |
| Reinforced Defenses | 1 | |
| Animal War Training | 1 | |
| Armor | 3 | |
| Storm Hammers | 1 | |
| Gunpowder | 3 | |
| Barrage | 1 | |
| Plating | 1 | |
22 total
» buildings
| Altar of Kings | 1 | |
| Farm | 12 | |
| Barracks | 1 | |
| Lumber Mill | 2 | |
| Scout Tower | 15 | |
| War Mill | 3 | |
| Guard Tower | 11 | |
| Watch Tower | 25 | |
| Orc Burrow | 1 | |
| Stronghold | 1 | |
| Keep | 1 | |
| Arcane Vault | 2 | |
| Blacksmith | 1 | |
| Fortress | 1 | |
| Castle | 1 | |
| Gryphon Aviary | 2 | |
| Town Hall | 2 | |
| Workshop | 2 | |
84 total
» build order
00:04 Altar of Kings
00:07 Farm
00:12 Barracks
01:04 Lumber Mill
01:27 Scout Tower
01:39 Scout Tower
01:43 War Mill
02:12 Guard Tower
02:18 War Mill
02:38 Guard Tower
02:59 Farm
03:04 Scout Tower
03:07 Scout Tower
03:32 Guard Tower
03:49 Watch Tower
03:53 Watch Tower
03:58 Watch Tower
04:00 Watch Tower
04:02 Watch Tower
04:20 Guard Tower
04:59 Farm
05:16 Orc Burrow
05:37 Stronghold
05:38 Keep
05:50 Watch Tower
06:37 Arcane Vault
06:40 Blacksmith
06:56 Scout Tower
06:57 Scout Tower
07:05 Farm
07:18 Watch Tower
07:22 Watch Tower
07:24 Watch Tower
07:35 Guard Tower
07:57 Farm
08:07 Fortress
08:47 Scout Tower
08:48 Scout Tower
08:53 Scout Tower
08:54 Scout Tower
08:56 Scout Tower
09:06 Scout Tower
09:07 Scout Tower
09:20 Castle
09:43 Guard Tower
09:53 Guard Tower
10:06 Guard Tower
10:58 Watch Tower
10:59 Watch Tower
11:01 Watch Tower
11:02 Watch Tower
11:29 Gryphon Aviary
11:54 Guard Tower
13:03 Guard Tower
13:43 Gryphon Aviary
15:06 Farm
15:17 Farm
15:35 Farm
16:58 Town Hall
17:32 Town Hall
17:42 Farm
17:45 Farm
17:46 Farm
17:48 Farm
22:44 Workshop
22:46 Workshop
23:24 Scout Tower
23:26 Scout Tower
24:22 Guard Tower
25:06 War Mill
25:22 Arcane Vault
25:57 Lumber Mill
26:39 Watch Tower
26:40 Watch Tower
26:58 Watch Tower
27:00 Watch Tower
27:01 Watch Tower
27:02 Watch Tower
27:06 Watch Tower
28:29 Watch Tower
28:30 Watch Tower
28:33 Watch Tower
28:38 Watch Tower
28:40 Watch Tower
» items
| Scroll of Regeneration | 3 | |
| Orb of Fire | 2 | |
| Scroll of Town Portal | 2 | |
| Runed Bracers | 1 | |
8 total
ComeDown (
purple | 0 APM | 0 actions | 28:46)
team 2 (loser)
asdf017829 (
red | 11 APM | 315 actions | 28:45)
1 Death Knight
1 Death Coil
» actions
| Basic commands | 21 | |
| Build / train | 20 | |
| Enter build submenu | 8 | |
| Enter hero's abilities submenu | 1 | |
| Right click | 89 | |
| Select / deselect | 161 | |
| Use ability | 15 | |
315 total
» units
| Acolyte | 6 | |
| Ghoul | 4 | |
| Crypt Fiend | 4 | |
14 total
» buildings
| Ziggurat | 2 | |
| Altar of Darkness | 2 | |
| Crypt | 1 | |
| Tomb of Relics | 1 | |
| Graveyard | 1 | |
| Nerubian Tower | 1 | |
8 total
» build order
00:20 Ziggurat
00:55 Altar of Darkness
00:58 Altar of Darkness
01:04 Crypt
01:14 Tomb of Relics
01:21 Graveyard
01:37 Ziggurat
01:42 Nerubian Tower

»
qo.o-p (
blue | 10 APM | 285 actions | 28:45)
1 Dreadlord
1 Sleep
» actions
| Basic commands | 14 | |
| Build / train | 14 | |
| Enter build submenu | 6 | |
| Enter hero's abilities submenu | 1 | |
| Right click | 148 | |
| Select / deselect | 93 | |
| Use ability | 9 | |
285 total
» units
| Acolyte | 2 | |
| Ghoul | 1 | |
| Crypt Fiend | 8 | |
11 total
» buildings
| Crypt | 1 | |
| Altar of Darkness | 1 | |
| Ziggurat | 3 | |
| Graveyard | 1 | |
6 total
» build order
00:37 Crypt
00:43 Altar of Darkness
00:48 Ziggurat
01:04 Graveyard
01:19 Ziggurat
02:59 Ziggurat
Tiffani (
orange | 51 APM | 1466 actions | 28:45)
6 Blademaster
3 Wind Walk
2 Critical Strike
1 Bladestorm
» actions
| Assign group hotkey | 50 | |
| Basic commands | 196 | |
| Build / train | 70 | |
| Enter build submenu | 30 | |
| Enter hero's abilities submenu | 6 | |
| Give item / drop item | 5 | |
| Remove unit from queue | 1 | |
| Right click | 544 | |
| Select / deselect | 364 | |
| Select group hotkey | 95 | |
| Use ability | 105 | |
1466 total
» units
| Peon | 13 | |
| Grunt | 5 | |
| Wind Rider | 8 | |
| Goblin Shredder | 1 | |
| Goblin Zeppelin | 1 | |
| Troll Batrider | 10 | |
38 total
» upgrades
| Envenomed Spears | 1 | |
| Ranged Weapons | 1 | |
| Armor | 1 | |
3 total
» buildings
| Altar of Storms | 1 | |
| Barracks | 1 | |
| Orc Burrow | 7 | |
| Stronghold | 1 | |
| Great Hall | 2 | |
| Beastiary | 5 | |
| War Mill | 4 | |
| Voodoo Lounge | 1 | |
| Watch Tower | 13 | |
| Fortress | 1 | |
36 total
» build order
00:42 Altar of Storms
00:47 Barracks
00:51 Orc Burrow
01:29 Orc Burrow
02:34 Orc Burrow
04:13 Stronghold
05:07 Great Hall
07:40 Beastiary
07:41 Beastiary
08:42 War Mill
08:44 Voodoo Lounge
10:02 Watch Tower
10:03 Watch Tower
10:04 Watch Tower
10:05 Watch Tower
10:06 Watch Tower
10:08 Watch Tower
10:12 Watch Tower
10:13 Watch Tower
10:14 Watch Tower
10:15 Watch Tower
10:15 Watch Tower
10:17 Watch Tower
11:20 Watch Tower
12:56 Orc Burrow
12:57 Orc Burrow
12:59 Orc Burrow
15:20 War Mill
15:28 War Mill
15:32 War Mill
15:38 Fortress
15:50 Great Hall
17:03 Orc Burrow
21:06 Beastiary
21:07 Beastiary
21:08 Beastiary
» items
| Rod of Necromancy | 2 | |
| Ankh of Reincarnation | 2 | |
| Alleria's Flute of Accuracy | 1 | |
| Healing Salve | 2 | |
| Scroll of Town Portal | 1 | |
| Potion of Mana | 2 | |
| Lesser Clarity Potion | 2 | |
| Orb of Lightning | 1 | |
| Demonic Figurine | 1 | |
| The Lion Horn of Stormwind | 1 | |
| Sobi Mask | 1 | |
| Boots of Quel'Thalas +6 | 1 | |
| Scourge Bone Chimes | 1 | |
18 total
INDIANA-COLTS (
teal | 48 APM | 1366 actions | 28:45)
5 Shadow Hunter
3 Healing Wave
2 Hex
» actions
| Assign group hotkey | 30 | |
| Basic commands | 109 | |
| Build / train | 77 | |
| Enter build submenu | 20 | |
| Enter hero's abilities submenu | 5 | |
| Right click | 418 | |
| Select / deselect | 215 | |
| Select group hotkey | 413 | |
| Use ability | 79 | |
1366 total
» units
| Peon | 18 | |
| Grunt | 4 | |
| Wind Rider | 5 | |
| Goblin Shredder | 3 | |
| Goblin Zeppelin | 1 | |
| Troll Batrider | 18 | |
| Shaman | 1 | |
| Troll Witch Doctor | 1 | |
51 total
» upgrades
| Ranged Weapons | 3 | |
| Armor | 3 | |
| Reinforced Defenses | 1 | |
| Envenomed Spears | 1 | |
| Spiked Barricades | 2 | |
| Liquid Fire | 1 | |
| Shaman Training | 2 | |
| Witch Doctor Training | 2 | |
| Spirit Walker Training | 1 | |
16 total
» buildings
| Altar of Storms | 1 | |
| Orc Burrow | 11 | |
| Barracks | 1 | |
| Stronghold | 1 | |
| War Mill | 2 | |
| Beastiary | 4 | |
| Great Hall | 2 | |
| Fortress | 2 | |
| Watch Tower | 6 | |
| Voodoo Lounge | 1 | |
| Spirit Lodge | 2 | |
33 total
» build order
00:12 Altar of Storms
00:25 Orc Burrow
00:43 Barracks
01:31 Orc Burrow
03:01 Stronghold
04:14 War Mill
04:21 Orc Burrow
04:22 Orc Burrow
04:22 Orc Burrow
04:48 Orc Burrow
05:38 Beastiary
05:44 Beastiary
06:51 Great Hall
07:48 Orc Burrow
08:10 Fortress
08:10 Fortress
08:54 Watch Tower
08:55 Watch Tower
08:55 Watch Tower
11:46 War Mill
12:10 Voodoo Lounge
12:42 Watch Tower
13:27 Orc Burrow
13:27 Orc Burrow
14:41 Great Hall
15:25 Orc Burrow
15:42 Beastiary
15:42 Beastiary
15:44 Spirit Lodge
15:45 Spirit Lodge
Chat log
(00:19 / Allies) alfilcb: no way
(00:20 / Allies) alfilcb: man
(00:22 / All) Tiffani: ugh my mom is being such a bitch right now
(00:24 / Allies) alfilcb: 1 afk
(00:47 / All) alfilcb: gg
(00:49 / All) alfilcb: 1afk
(01:06 / All) Tiffani: I told her I wanted to go to the panic concert but she won't give me the money
(01:25 / All) Tiffani: I offered to suck my friend's brother's cock but he won't pay for it
(02:48 / Allies) CurtSchilling: tower up they will rush
(03:58 / All) INDIANA-COLTS: help us yellow
(04:03 / Allies) Squidgex136: they have some team kill going on
(04:11 / Allies) CurtSchilling: lol
(05:26 / All) Squidgex136: so why are you guys killing red?
(08:40 / All) INDIANA-COLTS: its just us blue doesn't even know why he attacked me
(10:40 / Allies) CurtSchilling: wood
(15:14 / Allies) Squidgex136: they both have mass air apparently
(15:23 / Allies) CurtSchilling: I'll get aa
(15:34 / Allies) Squidgex136: i'll throw some bat riders in my build
(15:55 / Allies) Squidgex136: red says to also get siege
(16:08 / Allies) CurtSchilling: red is talking to you in private?
(16:08 / Allies) Squidgex136: you should really expand btw
(16:11 / Allies) Squidgex136: ya
(16:12 / Allies) CurtSchilling: I am
(16:13 / Allies) Squidgex136: whispers
(16:59 / Allies) Squidgex136: you play sc2 at all?
(17:02 / Allies) CurtSchilling: sc2 is shit
(17:07 / Allies) Squidgex136: fuck you scrub
(17:21 / Allies) Squidgex136: just because you're bad at it and dont understand doesn't make it s iht
(17:24 / Allies) CurtSchilling: LOL
(17:27 / Allies) CurtSchilling: I am masters
(17:35 / Allies) Squidgex136: i don't believe that for a second
(17:37 / Allies) Squidgex136: what race?
(17:39 / Allies) CurtSchilling: zerg
(18:41 / Allies) Squidgex136: what's your starting build vs protoss?
(18:46 / Allies) CurtSchilling: 11 pool 15 hatch
(19:01 / Allies) Squidgex136: now i know you're not masters
(19:04 / Allies) CurtSchilling: lol
(19:22 / Allies) CurtSchilling: I learned that from Psystarcraft, zvp is his strongest matchup high masters he does it every game
(19:27 / Allies) Squidgex136: a master zerg would respond with it depends on what i scout
(19:31 / Allies) CurtSchilling: LOL
(19:36 / Allies) CurtSchilling: overlord scout timing retard
(20:16 / Allies) CurtSchilling: now I know you're not good
(20:18 / Allies) Squidgex136: lol mad scrub?
(20:22 / Allies) CurtSchilling: umadubad
(20:28 / Allies) Squidgex136: i would be too if i was bad at starcraft
(20:41 / Allies) Squidgex136: lol kid
(20:44 / Allies) CurtSchilling: umadubad
(20:49 / Allies) Squidgex136: i now also know you're like 5
(20:53 / Allies) Squidgex136: but i don't care
(20:55 / Allies) CurtSchilling: umad
(20:59 / Allies) Squidgex136: it's wc3 it's meaningless
(21:03 / All) INDIANA-COLTS: leave yellow u got raped lawl
(21:08 / All) Squidgex136: apparently
(21:08 / Allies) CurtSchilling: you are 5-5 leave you got raped
(21:13 / All) Squidgex136: he's mad because he's bad at starcraft
(21:17 / All) CurtSchilling: lol
(21:25 / All) INDIANA-COLTS: everybody is bad at sc2,
(21:26 / All) Squidgex136: he thinks he's masters
(21:30 / All) Squidgex136: i'm not
(21:31 / All) CurtSchilling: I am, want to 1v1?
(21:36 / All) Squidgex136: sure lets go
(21:41 / All) Squidgex136: NA ladder i assume?
(21:44 / All) CurtSchilling: Ok channel bob in SC2 after
(21:45 / All) CurtSchilling: EU
(21:51 / All) Squidgex136: i don't play EU
(21:59 / All) CurtSchilling: NA ladder is shit for scrubs like you
(22:02 / All) Squidgex136: now you're just making up realms so you don't have to play me
(22:04 / All) Squidgex136: terrible kid
(22:08 / All) Squidgex136: no wonder you tihnk you're masters
(22:09 / All) CurtSchilling: and KO
(22:10 / All) Tiffani: Europe > NA
(22:10 / All) Squidgex136: also when gr.9 math gets to hard for you, go find a tutor
(22:11 / All) Tiffani: dummy
(22:18 / All) CurtSchilling: "That user is not logged on"
(22:19 / All) CurtSchilling: bye scrub
(22:31 / All) INDIANA-COLTS: awesome
(22:34 / All) qo.o-p: oh shit
(23:01 / All) Tiffani: lol
(24:23 / All) INDIANA-COLTS: i was at target today and some flat chested chick bought a huge ass pink bra not even kidding
(24:25 / All) INDIANA-COLTS: i felt bad for her
(24:27 / All) Tiffani: time to start killing our shit
(25:07 / All) CurtSchilling: fix your internet dammit
(25:17 / All) Tiffani: It's funny because all they could do would be to sabotage our team
(25:19 / All) INDIANA-COLTS: i dont have any other options
(25:22 / All) Tiffani: which is what we are doing anyway
(25:36 / All) CurtSchilling: lol
(25:39 / All) CurtSchilling: yellow was awful
(25:44 / All) CurtSchilling: a sc2 player, doesn't surprise me
(25:46 / All) CurtSchilling: he had no chance
(26:13 / All) CurtSchilling: my MK tped stuck behind 3 buildings jesus christ
(26:40 / All) qo.o-p: so you guys suck one another?
(26:55 / All) CurtSchilling: yes we are playing in our bedroom and performing fellatio during WC3 sir
(27:28 / All) CurtSchilling: I shall come to help you kill your shit in a sec, got tanks
(27:42 / All) INDIANA-COLTS: bitch
(27:47 / All) INDIANA-COLTS: me and turncoat are fighting
(28:35 / All) INDIANA-COLTS: red and blue really want th ewin